 Dungeon Crawl Stone Soup version 0.31-a0-1101-g9ad1905 (webtiles) character file.

Game seed: 7136191244399917021

639374 Dorkslayer the Conqueror (level 27, -8/245 HPs)
             Began as a Hill Orc Fighter on Nov 29, 2023.
             Was an Initiate of Gozag.
             Killed from afar by an orb of fire (32 damage)
             ... with a bolt of fire
             ... on level 5 of the Realm of Zot on Dec 1, 2023.
             The game lasted 04:08:41 (63740 turns).

Dorkslayer the Conqueror (Hill Orc Fighter)        Turns: 63740, Time: 04:08:42

Health: -8/245     AC: 45    Str: 30    XL:     27
Magic:  27/27      EV: 14    Int: 12    God:    Gozag
Gold:   6023       SH: 27    Dex: 18    Spells: 32/32 levels left

rFire   + + .        Z - +9 broad axe (flame)
rCold   + + .        K - +3 kite shield {AC+3}
rNeg    + + .        U - +10 gold dragon scales
rPois   +            T - +2 helmet {SInv}
rElec   +            x - scarf "Vicsoa Jeso" {repulsion, *Corrode Will+++ Slay+6}
rCorr   +            V - +3 pair of gauntlets of War {Slay+5}
SInv    +            O - +1 pair of boots of Hopscotch {Harm rF+ rCorr}
Will    +++++        s - amulet of reflection Stlth
                     S - ring of Wonder {rC+ rN+ Str+3}
HPRegen 0.60/turn    a - ring of Arucveitt {rElec rPois rN+ Dex+6}
MPRegen 0.20/turn

%: random rage (9%), corrode self (3%), harm (+30% outgoing, +20% incoming),
repel missiles, reflection
@: resistant, on berserk cooldown, hasted and slowed, studying 2 skills
A: berserk 2, frail 1, screaming 2, wild magic 1, no potion heal 1, cold
vulnerability 1, heat vulnerability 1, inability to read after injury 1, sturdy
frame 1
}: 4/15 runes: decaying, silver, abyssal, gossamer
a: Renounce Religion, Potion Petition, Call Merchant, Bribe Branch


You were on level 5 of the Realm of Zot.
You worshipped Gozag.
Gozag was greatly pleased with you.
You visited 11 branches of the dungeon, and saw 51 of its levels.
You visited the Abyss 2 times.
You also visited: Wizlab and Desolation.

You collected 30257 gold pieces.
You spent 10744 gold pieces at shops.
You paid 13490 gold pieces to Gozag.

Inventory:

Hand Weapons
 F - the +5 trident of Yeast {drain, *Rage rElec rPois rCorr}
   (You took it off a spriggan on level 5 of the Lair of Beasts)

   rElec:     It insulates you from electricity.
   rPois:     It protects you from poison *Rage: It berserks you when you make
   melee attacks (+20% chance).
   rCorr:     It protects you from acid and corrosion.
 M - a +7 vampiric broad axe
 Z - a +9 broad axe of flaming (weapon)
Missiles
 m - 3 javelins (quivered)
 n - 64 boomerangs
 t - 4 throwing nets
Armour
 i - the +1 cloak of the Snake Pit {rN+ Regen+ Dex+2}
   (You found it on level 12 of the Dungeon)

   Dex+2:     It affects your dexterity (+2).
   rN+:       It protects you from negative energy.
   Regen+:    It increases your rate of health regeneration.
 x - the scarf "Vicsoa Jeso" (worn) {repulsion, *Corrode Will+++ Slay+6}
   (You acquired it on level 4 of the Depths)

   Slay+6:    It affects your accuracy & damage with ranged weapons and melee
   (+6).
   Will+++:   It greatly increases your willpower.
   *Corrode:  It may corrode you when you take damage.
 y - the +2 cloak of Jyij {rPois Str+8 Int-5 Dex+2}
   (You found it in a wizard's laboratory)

   Str+8:     It affects your strength (+8).
   Int-5:     It affects your intelligence (-5).
   Dex+2:     It affects your dexterity (+2).
   rPois:     It protects you from poison
 C - a +2 pair of boots of flying
 K - a +3 kite shield of protection (worn)
 O - the +1 pair of boots of Hopscotch (worn) {Harm rF+ rCorr}
   (You found it on level 13 of the Dungeon)

   rF+:       It protects you from fire.
   rCorr:     It protects you from acid and corrosion.
   Harm:      It increases damage dealt and taken.
 T - a +2 helmet of see invisible (worn)
 U - +10 gold dragon scales (worn)
 V - the +3 pair of gauntlets of War (worn) {Slay+5}
   (You bought it in a shop on level 4 of the Lair of Beasts)

   Slay+5:    It affects your accuracy & damage with ranged weapons and melee
   (+5).
Jewellery
 a - the ring of Arucveitt (right hand) {rElec rPois rN+ Dex+6}
   (You took it off a vampire knight on level 3 of the Crypt)

   [ring of dexterity]

   Dex+6:     It affects your dexterity (+6).
   rElec:     It insulates you from electricity.
   rPois:     It protects you from poison rN+: It protects you from negative
   energy.
 s - an amulet of reflection (around neck)
 I - the ring "Coor" {rN+ Str+6}
   (You found it on level 3 of the Crypt)

   [ring of positive energy]

   Str+6:     It affects your strength (+6).
   rN+:       It protects you from negative energy.
 S - the ring of Wonder (left hand) {rC+ rN+ Str+3}
   (You took it off a vampire knight on level 3 of the Crypt)

   [ring of positive energy]

   Str+3:     It affects your strength (+3).
   rC+:       It protects you from cold.
   rN+:       It protects you from negative energy.
Wands
 d - a wand of mindburst (12)
 g - a wand of flame (65)
 l - a wand of light (24)
 q - a wand of roots (25)
 R - a wand of charming (18)
 W - a wand of digging (25)
Scrolls
 b - 2 scrolls of revelation
 f - 26 scrolls of teleportation
 h - a scroll of blinking
 j - 10 scrolls of fog
 p - 11 scrolls of fear
 w - 4 scrolls of immolation
 H - 4 scrolls of silence
 Q - 2 scrolls of summoning
 X - 9 scrolls of poison
Potions
 k - 3 potions of haste
 o - 10 potions of cancellation
 r - 5 potions of heal wounds
 u - 5 potions of might
 v - 11 potions of ambrosia
 z - 3 potions of resistance
 D - 4 potions of magic
 E - a potion of mutation
 G - 13 potions of enlightenment
 J - a potion of berserk rage
 L - 3 potions of invisibility
 N - 22 potions of curing
 P - 7 potions of brilliance
Miscellaneous
 c - a phial of floods
 e - a tin of tremorstones (2/2)
 A - a lightning rod (4/4)
 B - a sack of spiders
 Y - a phantom mirror


   Skills:
 O Level 27 Fighting
 O Level 27 Axes
 - Level 8.1(17.1) Polearms
 + Level 10.7 Throwing
 + Level 17.5 Armour
 + Level 12.3 Dodging
 + Level 6.3 Stealth
 + Level 26.6 Shields
 + Level 3.0 Spellcasting
 * Level 21.9 Evocations


You had 32 spell levels left.
You didn't know any spells.
Your spell library contained the following spells:

 Spells                   Type           Power      Damage    Failure   Level
 Foxfire                  Conj/Fire      8%         2x1d4     94%         1
 Freeze                   Ice            8%         1d3       94%         1
 Magic Dart               Conj           8%         1d3       94%         1
 Sandblast                Erth           4%         2d4       94%         1
 Shock                    Conj/Air       8%         1d3       94%         1
 Slow                     Hex            8%         N/A       94%         1
 Sting                    Tmut/Pois      8%         1d3       94%         1
 Summon Small Mammal      Summ           8%         N/A       94%         1
 Blink                    Tloc           4%         N/A       98%         2
 Cigotuvi's Dreadful Rot  Necr/Pois/Air  4%         N/A       98%         2
 Ensorcelled Hibernation  Hex/Ice        4%         N/A       98%         2
 Jinxbite                 Hex            4%         N/A       98%         2
 Lesser Beckoning         Tloc           4%         N/A       98%         2
 Momentum Strike          Conj/Tloc      4%         3d8       98%         2
 Passwall                 Tmut/Erth      1%         N/A       98%         2
 Poisonous Vapours        Pois/Air       4%         N/A       98%         2
 Scorch                   Fire           4%         2d5       98%         2
 Searing Ray              Conj           4%         2d4       98%         2
 Static Discharge         Conj/Air       4%         3-4/arc   98%         2
 Sublimation of Blood     Necr           2%         N/A       98%         2
 Wereblood                Tmut           2%         N/A       98%         2
 Call Canine Familiar     Summ           2%         N/A       100%        3
 Confusing Touch          Hex            2%         N/A       100%        3
 Dazzling Flash           Conj/Hex       4%         N/A       100%        3
 Frozen Ramparts          Ice            4%         1d1       100%        3
 Gell's Gravitas          Tloc           2%         N/A       100%        3
 Hailstorm                Conj/Ice       2%         3d3       100%        3
 Ignite Poison            Fire/Tmut/Pois 2%         N/A       100%        3
 Inner Flame              Hex/Fire       2%         N/A       100%        3
 Mephitic Cloud           Conj/Pois/Air  2%         N/A       100%        3
 Ozocubu's Armour         Ice            2%         N/A       100%        3
 Sigil of Binding         Hex            2%         N/A       100%        3
 Stone Arrow              Conj/Erth      4%         3d7       100%        3
 Summon Guardian Golem    Hex/Summ       2%         N/A       100%        3
 Swiftness                Air            2%         N/A       100%        3
 Teleport Other           Tloc           2%         N/A       100%        3
 Tukima's Dance           Hex            2%         N/A       100%        3
 Vampiric Draining        Necr           2%         2d6       100%        3
 Volatile Blastmotes      Fire/Tloc      4%         2d10      100%        3
 Airstrike                Air            1%         2d(1-17)  100%        4
 Anguish                  Hex/Necr       1%         N/A       100%        4
 Animate Armour           Summ/Erth      4%         N/A       100%        4
 Brom's Barrelling Bould  Conj/Erth      2%         2d3       100%        4
 Flame Wave               Conj/Fire      2%         2d4       100%        4
 Fulminant Prism          Conj/Hex       1%         3d5       100%        4
 Leda's Liquefaction      Hex/Erth       1%         N/A       100%        4
 Manifold Assault         Tloc           2%         N/A       100%        4
 Olgreb's Toxic Radiance  Pois           2%         N/A       100%        4
 Petrify                  Tmut/Erth      2%         N/A       100%        4
 Summon Ice Beast         Ice/Summ       2%         N/A       100%        4
 Summon Lightning Spire   Summ/Air       2%         N/A       100%        4
 Agony                    Necr           2%         N/A       100%        5
 Alistair's Intoxication  Tmut/Pois      1%         N/A       100%        5
 Borgnjor's Vile Clutch   Necr/Erth      1%         N/A       100%        5
 Freezing Cloud           Conj/Ice/Air   1%         6-21      100%        5
 Irradiate                Conj/Tmut      1%         3d12      100%        5
 Iskenderun's Battlesphe  Conj           2%         2d6       100%        5
 Lee's Rapid Deconstruct  Erth           1%         3d4*      100%        5
 Metabolic Englaciation   Hex/Ice        1%         N/A       100%        5
 Silence                  Hex/Air        1%         N/A       100%        5
 Summon Mana Viper        Hex/Summ       2%         N/A       100%        5
 Yara's Violent Unravell  Hex/Tmut       1%         3d3       100%        5
 Conjure Ball Lightning   Conj/Air       1%         3x3d6     100%        6
 Death Channel            Necr           1%         N/A       100%        6
 Eringya's Noxious Bog    Tmut/Pois      1%         4d6       100%        6
 Plasma Beam              Fire/Air       1%         2x1d11    100%        6
 Starburst                Conj/Fire      1%         6d3       100%        6
 Summon Cactus Giant      Summ           1%         N/A       100%        6
 Enfeeble                 Hex            1%         N/A       100%        7
 Haunt                    Necr/Summ      1%         N/A       100%        7
 Malign Gateway           Summ/Tloc      1%         N/A       100%        7
 Ozocubu's Refrigeration  Ice            1%         4d7       100%        7
 Spellforged Servitor     Conj/Summ      1%         N/A       100%        7
 Summon Hydra             Summ           1%         N/A       100%        7
 Discord                  Hex            1%         N/A       100%        8
 Disjunction              Tloc           1%         N/A       100%        8
 Ignition                 Fire           1%         3d3       100%        8
 Infestation              Necr           1%         N/A       100%        8
 Lehudib's Crystal Spear  Conj/Erth      1%         10d2      100%        8
 Maxwell's Capacitive Co  Air            1%         ∞         100%        8
 Polar Vortex             Ice            1%         N/A       100%        9
 Animate Dead             Necr           Unusable   N/A       N/A         4
 Simulacrum               Ice/Necr       Unusable   N/A       N/A         6

Dungeon Overview and Level Annotations

Branches:
Dungeon (15/15)            Temple (0/1) D:6            Lair (5/5) D:9
  Swamp (4/4) Lair:3       Spider (4/4) Lair:3        Slime (0/5) Lair:4
    Orc (2/2) D:11            Elf (3/3) Orc:2        Vaults (5/5) D:13
  Crypt (3/3) Vaults:2       Tomb (1/3) Crypt:3      Depths (4/4) D:15
    Zot (5/5) Depths:4     WizLab (visited)         Desolation (visited)

Altars:
Ashenzari
Cheibriados
Dithmenos
Elyvilon
Fedhas
Gozag
Hepliaklqana
Kikubaaqudgha
Nemelex Xobeh
Okawaru
Qazlal
Sif Muna
Uskayaw
Vehumet
Wu Jian
Xom
Yredelemnul
Zin
The Shining One
Jiyva

Shops:
D:4 !   D:8 =   D:15 *   Orc:2 *!:(   Elf:3 *   Lair:3 ?*   Lair:4 =[
Lair:5 *   Vaults:5 ?!!*   Depths:4 ?*=!!

Portals:
Hell: Depths:1 Depths:2 Depths:3 Depths:4
Abyss: Depths:3 Depths:4
Pandemonium: Orc:2 Depths:2 Depths:3
Ziggurat: Depths:3
Trove: Depths:4 (give +4 storm dragon scales)

Annotations:
Depths:4 4 transporters


Innate Abilities, Weirdness & Mutations

You have an uncontrollable temper.
You are frail. (-10% HP)
You frequently scream uncontrollably at your foes.
Your spells are a little harder to cast, but a little more powerful.
Potions are less effective at restoring your health.
You are vulnerable to cold. (rC-)
You are vulnerable to heat. (rF-)
You occasionally lose the ability to read scrolls when taking damage.
Your movements are slightly less encumbered by armour. (ER -2)


Message History

The dread lich seems to speed up.
You see here a +0 halberd.
The sentinel's mark upon you fades away.
The Orb Guardian attacks as it pursues you!
The Orb Guardian hits you but does no damage.
Things that are here:
a +0 broad axe; a +0 mace You feel protected.
The Orb Guardian is no longer distracted by gold.
The Killer Klown blinks!
The orb of fire emits a lurid red light.
The fireball explodes!
The fireball engulfs you!! You resist.
* * * LOW HITPOINT WARNING * * *
The fireball engulfs the orb of fire.
The orb of fire completely resists.
A Killer Klown comes into view. It is wielding a +11 club of freezing.
A Killer Klown comes into view.
It is wielding a +11 club of electrocution.
You hear a shout!
Your system partially rejects the healing.
You feel much better.
The dread lich gestures wildly while chanting.
The orb of fire glows bright magenta.
The bolt of fire misses you.
A Killer Klown comes into view. It is wielding a +12 club of flaming.
The orb of fire glows red.
The bolt of fire misses the orb of fire.
The bolt of fire hits you! You resist.
* * * LOW HITPOINT WARNING * * *
The orb of fire glows deep purple.
The bolt of fire hits you. You resist.
* * * LOW HITPOINT WARNING * * *
The dread lich mumbles some strange words.
The orb of fire glows bright magenta.
The bolt of fire hits the orb of fire.
The orb of fire completely resists.
The bolt of fire hits the orb of fire.
The orb of fire completely resists.
The bolt of fire is repelled.
You feel yourself speed up.
The orb of fire glows bright magenta.
The bolt of fire hits you!! You resist.
You die...
Your body crumbles into a pile of gold.

#.........9.## #..X....
#..........p# #^:.....
##.....2.....## #.......
#.....p...p^..# ##....§.
##.....X*XX....## ##X.§^§
#.[....LX*......# ##§..§
###▓▓▓▓########*########▓▓▓▓#####
..........## #*## #............
.)..#..###### #.@####.....#......
....#.##^.######.)..#.....#......
.....##....##.......#.....#......
.....#..^^..#.......#.....#...⌠..
..)..##....##.......#............
).)...##..##.<......#.....#######
).))...####.........####.........
.###..............###............
.# #..............##...#.........


You could see 3 orbs of fire, a Killer Klown, a dread lich (fast), 2 Orb
Guardians and a balrug (summoned).

Vanquished Creatures
  3 dread liches
  2 ancient liches (Vaults:5)
  2 orbs of fire
  Boris (4 times) (Vaults:3 Crypt:3 Depths:1 Depths:3)
  Vv (Depths:4)
  the Lernaean hydra (Swamp:4)
  Parghit (Depths:3)
  2 curse toes (Zot:3)
  Xtahua (Crypt:1)
  A caustic shrike (Elf:1)
  10 golden dragons
  Nikola (Spider:1)
  A Tzitzimitl (Crypt:3)
  An electric golem (Zot:5)
  3 doom hounds (Crypt:3)
  A shard shrike zombie (Crypt:3)
  24 tentacled monstrosities
  Jorgrun (D:14)
  A walking crystal tome (Depths:2)
  Rupert (Lair:4)
  Zenata (Vaults:1)
  7 liches
  7 Orb Guardians (Zot:5)
  4 deep elf blademasters (Elf:3)
  Grunn (Crypt:3)
  2 deep elf master archers (Elf:3)
  A titan (Vaults:5)
  9 quicksilver dragons
  11 sphinxes
  5 tentacled starspawn
  8 ancient champions
  2 eldritch tentacles (WizLab)
  A kraken (Swamp:1)
  9 death cobs
  11 shadow dragons
  Agnes (D:14)
  8 tengu reavers
  9 storm dragons
  4 revenants
  A draconian monk (Zot:5)
  Aizul (Crypt:1)
  4 iron dragons
  9 deep elf sorcerers
  8 frost giants
  4 draconian knights
  23 vault wardens
  4 fire giants
  15 ghost moths
  3 emperor scorpions (Spider:4)
  2 draconian scorchers
  Louise (Swamp:4)
  3 draconian shifters
  The ghost of Moriavi the Eclecticist, a journeyman DjFE of Makhleb (Orc:1)
  A cacodemon (Depths:2)
  4 deep elf elementalists (Elf:3)
  7 ghouls
  A balrug (WizLab)
  A juggernaut zombie (Crypt:2)
  2 broodmothers
  3 draconian annihilators
  An orc warlord (Orc:2)
  12 very ugly things
  32 ironbound preservers
  15 stone giants
  5 reapers
  2 war gargoyles
  6 green draconians
  6 ironbound thunderhulks
  2 angels (Vaults:3)
  4 formless jellyfish
  The ghost of ulamog the Grappler, a journeyman TrBe of Trog (Lair:4)
  The ghost of Keklamm the Severer, a journeyman HOFi (D:13)
  Nessos (Lair:4)
  7 black draconians
  7 deep elf demonologists
  24 vampire knights
  5 red draconians
  6 dire elephants
  6 yellow draconians
  6 eleionomae
  15 deep elf annihilators
  2 bennus (Tomb:1)
  8 purple draconians
  6 bunyips
  8 spark wasps
  4 halazid warlocks (Desolation)
  4 white draconians
  A putrid mouth (Crypt:3)
  The ghost of NewUser1 the Slicer, a journeyman VSFi of Makhleb (Lair:5)
  Snorg (Lair:5)
  6 deep elf death magi
  5 eidola
  16 jiangshi
  11 ettins
  4 green deaths
  3 fire dragons
  3 blizzard demons
  2 mummy priests (Tomb:1)
  A merfolk impaler (Abyss:4)
  15 yaktaur captains
  4 crystal guardians
  8 deep elf high priests
  The ghost of Duomaof the Nimble, a journeyman DjFE of Makhleb (D:12)
  The ghost of Duomaof the Nimble, a journeyman DjFE of Makhleb (D:12)
  9 entropy weavers
  4 servants of whispers (Desolation)
  15 hydras
  A quicksilver dragon skeleton (Crypt:3)
  5 ragged hierophants (Desolation)
  3 hell beasts
  2 spriggan zombies
  An ogre mage (Vaults:2)
  7 rakshasas
  3 peacekeepers
  7 great orbs of eyes
  3 catoblepae
  7 alligators
  A sphinx zombie (Vaults:4)
  6 ice dragons
  5 centaur warriors
  3 demonspawn (Orc:2)
  32 vault guards
  8 ironbound frosthearts
  5 boulder beetles
  A sphinx skeleton (Depths:2)
  6 spriggan air magi (Depths:2)
  3 two-headed ogres
  A jorogumo (Spider:3)
  28 dancing weapons
  6 tengu warriors
  A hell hog (Depths:4)
  2 radroaches
  11 deep troll earth magi
  11 deep troll shamans
  An occultist (Depths:2)
  12 vampire magi
  4 orc high priests (Orc:2)
  4 spriggan berserkers (Depths:2)
  8 death yaks
  8 demonic crawlers
  2 titan zombies
  2 thrashing horrors (WizLab)
  The ghost of Kave the Ruffian, a novice TrSh (D:6)
  23 deep elf knights
  2 wretched stars (Abyss:5)
  Amaemon (Lair:2)
  Nergalle (D:11)
  19 hell knights
  Sonja (Lair:1)
  3 sun demons (Depths:2)
  2 shock serpents (Elf:1)
  6 soul eaters
  3 salamander mystics (Depths:4)
  41 skeletal warriors
  An anaconda zombie (Crypt:1)
  4 pharaoh ants
  7 iron trolls
  3 shadow wraiths
  A golden dragon zombie (Crypt:2)
  A sixfirhy (Depths:2)
  A sun moth (Spider:4)
  5 skysharks
  5 goliath frogs
  A storm dragon skeleton (Depths:2)
  A shadow demon (WizLab)
  4 death drakes
  98 deep trolls
  12 swamp dragons
  2 sea snakes (Elf:1)
  3 obsidian statues
  7 deep elf archers
  3 flayed ghosts
  11 orb spiders
  A deep troll (shapeshifter) (Vaults:5)
  An orange crystal statue (Elf:2)
  7 orc knights
  A spriggan simulacrum (Crypt:1)
  4 arcanists
  3 bog bodies
  7 steelbarb worms
  3 spriggan druids
  A golden dragon skeleton (Depths:2)
  11 lindwurms
  2 harpies
  2 glowing orange brains
  37 deep elf pyromancers
  34 deep elf zephyrmancers
  19 necromancers
  Pikel (D:9)
  24 ironbound convokers
  3 tengu skeletons
  31 phantasmal warriors
  6 wolf spider zombies (Spider:1)
  2 mana vipers (Elf:1)
  13 ugly things
  An oklob plant (Lair:4)
  A human zombie (Crypt:3)
  An iron dragon zombie (Crypt:3)
  11 orc sorcerers
  4 cyclopes
  22 moths of wrath
  27 wolf spiders
  2 manticores
  4 will-o-the-wisps
  Maurice (D:8)
  A shadow dragon skeleton (Vaults:2)
  A worldbinder (WizLab)
  7 salamanders (Depths:4)
  32 elephants
  A fire giant skeleton (Vaults:4)
  2 guardian serpents (Desolation)
  2 fire giant zombies
  4 black mambas
  4 centaur zombies
  18 vault sentinels
  4 smoke demons
  A naga zombie (Crypt:1)
  4 orange demons
  2 gargoyles
  7 torpor snails
  A cane toad (shapeshifter) (D:14)
  A naga skeleton (Tomb:1)
  Maggie (Lair:1)
  17 cane toads
  A pale draconian zombie (Crypt:3)
  2 large abominations (Abyss:4)
  Psyche (D:11)
  A rime drake (Lair:3)
  A hellion (Depths:3)
  5 tormentors
  6 freezing wraiths
  An unseen horror (D:13)
  13 komodo dragons
  10 redback zombies (Spider:1)
  An orb spider zombie (Crypt:1)
  An unseen horror skeleton (Crypt:2)
  31 yaktaurs
  A meliai (shapeshifter) (Vaults:5)
  2 tengu conjurers
  2 harpy zombies
  7 trolls
  2 red devils (Orc:2)
  A grey draconian skeleton (Crypt:1)
  A mana viper zombie (Crypt:2)
  8 hornets
  A moth of wrath zombie (Crypt:2)
  A harpy skeleton (Crypt:2)
  6 guardian mummies
  2 polar bears
  28 tarantellas
  2 hellwings
  A blink frog (shapeshifter) (D:15)
  9 tyrant leeches
  5 raiju
  49 blink frogs
  6 tarantella zombies (Spider:1)
  25 saltlings (Desolation)
  6 dream sheep (Lair:5)
  A glass eye (Elf:1)
  9 culicivora zombies (Spider:1)
  2 human skeletons
  A boulder beetle zombie (Crypt:1)
  15 culicivoras
  An ice dragon zombie (Crypt:3)
  7 flying skulls (Tomb:1)
  37 jumping spiders
  A spectral dream sheep (Lair:4)
  8 air elementals
  7 water elementals
  12 wraiths
  2 ushabtiu (Tomb:1)
  An ice dragon skeleton (Crypt:3)
  A satyr skeleton (Crypt:3)
  54 slime creatures
  5 spriggans
  3 wyverns
  20 yaks
  2 hogs (shapeshifter)
  4 fire elementals
  5 basilisks
  2 chaos spawn
  6 neqoxecs
  A black mamba skeleton (Crypt:1)
  A spectral komodo dragon (Lair:4)
  3 steam dragons
  63 redbacks
  15 vampire mosquitoes
  The ghost of GentlemanToast the Insei, an amateur OpSh (D:4)
  A warg (Orc:2)
  15 swamp worms
  3 hydra simulacra (Lair:4)
  2 acid dragons
  9 water moccasins
  36 orc warriors
  7 swamp drakes
  An ice beast (D:7)
  A sky beast (D:5)
  A black bear (shapeshifter) (D:13)
  4 black bears
  7 wolves
  A lindwurm zombie (Crypt:2)
  8 ogres
  10 boggarts
  A black mamba simulacrum (Lair:4)
  7 centaurs
  A torpor snail zombie (Crypt:3)
  A phantom (D:2)
  A kobold brigand (D:9)
  Blork the orc (D:5)
  13 bullfrogs
  4 earth elementals
  A glowing shapeshifter simulacrum (Vaults:4)
  3 necrophages
  5 scorpions
  3 wights (D:9)
  47 killer bees
  A polar bear skeleton (Crypt:2)
  5 electric eels
  2 lava snakes (Lair:1)
  A howler monkey (shapeshifter) (D:14)
  2 human simulacra (Vaults:4)
  A jelly (D:7)
  2 quasits (D:13)
  23 orc priests
  A hound (shapeshifter) (D:12)
  2 gnoll boudas
  4 hounds
  2 sleepcaps
  6 iguanas
  Jessica (D:3)
  14 hell rats
  5 lightning spires
  18 orc wizards
  An ogre zombie (Crypt:3)
  4 mummies (Tomb:1)
  A howler monkey zombie (Crypt:1)
  4 gnolls (D:7)
  8 adders
  19 river rats (Lair:2)
  A shadow imp (D:7)
  A steam dragon skeleton (Crypt:3)
  2 white imps
  4 ufetubi
  A jelly zombie (Crypt:3)
  4 worms
  7 dart slugs
  75 orcs
  8 endoplasms
  3 giant cockroaches
  9 goblins
  A goblin (shapeshifter) (WizLab)
  4 hobgoblins
  2 hobgoblins (shapeshifter)
  15 kobolds
  6 quokkas
  2 river rat zombies
  3 ball pythons
  4 bats
  2 frilled lizards
  A jackal zombie (Crypt:2)
  12 rats
  A butterfly (D:6)
  A starspawn tentacle (Abyss:5)
  3 tentacles (Swamp:1)
2470 creatures vanquished.

Vanquished Creatures (collateral kills)
  A deep elf sorcerer (Elf:3)
  An eleionoma (Swamp:4)
  A vault guard (D:13)
  A swamp dragon (Swamp:4)
  An orc warrior (Orc:1)
  2 orc wizards (Orc:1)
  4 orcs
11 creatures vanquished.

Vanquished Creatures (others)
  A frost giant (Vaults:5)
  A reaper (Crypt:3)
  A white draconian (Zot:3)
  2 vault guards (D:13)
  A hydra (Swamp:4)
  2 deep elf archers (Elf:1)
  A deep elf pyromancer (Elf:1)
  2 deep elf zephyrmancers (Elf:1)
  An unseen horror (Abyss:4)
  3 bloated husks
  A saltling (Desolation)
  A glass eye (Elf:1)
  A spectral elephant (Lair:4)
  A kobold brigand (D:10)
  An orc priest (Orc:2)
  An orc (shapeshifter) (Elf:1)
  An orc (Orc:2)
  3 kobolds (D:10)
  27 foxfires
  7 starspawn tentacles
  12 tentacles (Swamp:1)
71 creatures vanquished.

Grand Total: 2552 creatures vanquished

Notes
Turn   | Place    | Note
-------+----------+-------------------------------------------
     0 | D:1      | Dorkslayer the Hill Orc Fighter began the quest for the
                  | Orb.
     0 | D:1      | Reached XP level 1. HP: 19/19 MP: 1/1
    34 | D:1      | Reached XP level 2. HP: 27/27 MP: 2/2
   243 | D:1      | Found a faded altar of an unknown god.
   690 | D:2      | Reached XP level 3. HP: 33/33 MP: 3/3
   798 | D:2      | Reached skill level 1 in Throwing
   915 | D:2      | Reached skill level 1 in Dodging
  1019 | D:2      | Found a snail-covered altar of Cheibriados.
  1045 | D:2      | Noticed a phantom
  1062 | D:2      | Killed a phantom
  1063 | D:2      | Reached XP level 4. HP: 26/40 MP: 4/4
  1063 | D:2      | Reached XP level 5. HP: 30/46 MP: 5/5
  1782 | D:3      | Found an opulent altar of Gozag.
  1785 | D:3      | Became a worshipper of Gozag Ym Sagoz the Greedy
  1796 | D:3      | Found a hazy altar of Hepliaklqana.
  1833 | D:3      | Noticed Jessica
  1844 | D:3      | Killed Jessica
  1847 | D:3      | Found a shimmering blue altar of Sif Muna.
  1941 | D:3      | Reached XP level 6. HP: 18/52 MP: 6/6
  2289 | D:3      | Reached skill level 5 in Axes
  2362 | D:4      | Reached skill level 1 in Evocations
  2453 | D:4      | Found Guzoholl's Distillery.
  2459 | D:4      | Bought a potion of curing for 36 gold pieces
  2459 | D:4      | Bought a potion of might for 48 gold pieces
  2459 | D:4      | Bought a potion of might for 48 gold pieces
  2459 | D:4      | Bought a potion of curing for 36 gold pieces
  2459 | D:4      | Bought a potion of curing for 36 gold pieces
  2512 | D:4      | Found a transporter.
  2512 | D:4      | Found a transporter.
  2513 | D:4      | Noticed GentlemanToast's ghost (amateur OpSh)
  2535 | D:4      | Noticed a black bear
  2540 | D:4      | Killed a black bear
  2631 | D:4      | Reached XP level 7. HP: 59/59 MP: 7/7
  2761 | D:4      | Found an ornate altar of the Wu Jian Council.
  2953 | D:4      | Identified the +3 giant club "Vuunan" {flame, rPois}
  2979 | D:4      | Killed GentlemanToast's ghost
  3052 | D:4      | Bought a potion of ambrosia for 96 gold pieces
  3052 | D:4      | Bought a potion of berserk rage for 60 gold pieces
  3055 | D:5      | Entered Level 5 of the Dungeon
  3106 | D:5      | Found a stormy altar of Qazlal.
  3109 | D:5      | Noticed Blork the orc
  3131 | D:5      | Reached skill level 5 in Armour
  3134 | D:5      | Killed Blork the orc
  3135 | D:5      | Reached XP level 8. HP: 54/67 MP: 8/8
  3836 | D:5      | Reached skill level 5 in Fighting
  4509 | D:6      | Reached XP level 9. HP: 74/74 MP: 9/9
  4691 | D:6      | Found a staircase to the Ecumenical Temple.
  4833 | D:6      | Found a transporter.
  4833 | D:6      | Noticed Kave's ghost (novice TrSh)
  4834 | D:6      | Found a transporter.
  5287 | D:6      | Killed Kave's ghost
  5288 | D:6      | Reached skill level 10 in Axes
  5288 | D:6      | Reached skill level 1 in Stealth
  5526 | D:7      | Reached skill level 5 in Evocations
  5800 | D:7      | Reached XP level 10. HP: 83/83 MP: 10/10
  6031 | D:8      | Noticed Maurice
  6041 | D:8      | Killed Maurice
  6100 | D:8      | Reached skill level 5 in Shields
  6447 | D:8      | Found Viun's Jewellery Shop.
  6584 | D:9      | Noticed Pikel
  6596 | D:9      | Killed Pikel
  6764 | D:9      | Reached skill level 5 in Dodging
  6949 | D:9      | Noticed a death yak
  6949 | D:9      | Noticed a death yak
  6949 | D:9      | Noticed a death yak
  6950 | D:9      | Found a staircase to the Lair.
  6950 | D:9      | Noticed a death yak
  6950 | D:9      | Noticed a death yak
  6984 | D:9      | HP: 2/84 [death yak (11)]
  6991 | D:9      | Killed a death yak
  7000 | D:9      | Killed a death yak
  7001 | D:9      | Reached XP level 11. HP: 44/92 MP: 11/11
  7008 | D:9      | Killed a death yak
  7009 | D:9      | Reached skill level 1 in Polearms
  7018 | D:9      | Killed a death yak
  7029 | D:9      | Killed a death yak
  7927 | D:10     | Entered Level 10 of the Dungeon
  7950 | D:10     | Noticed a two-headed ogre
  7952 | D:10     | Found an ancient bone altar of Kikubaaqudgha.
  7965 | D:9      | Killed a two-headed ogre
  8929 | D:10     | Found a glowing silver altar of Zin.
  8929 | D:10     | Found a radiant altar of Vehumet.
  8933 | D:10     | Found an iron altar of Okawaru.
  8934 | D:10     | Found a white marble altar of Elyvilon.
  8935 | D:10     | Found a shadowy altar of Dithmenos.
  8936 | D:10     | Found a shimmering altar of Xom.
  8938 | D:10     | Found a blossoming altar of Fedhas.
  8941 | D:10     | Found a hide-covered altar of Uskayaw.
  9107 | D:11     | Found a staircase to the Orcish Mines.
  9114 | D:11     | Noticed Nergalle
  9132 | D:11     | Killed Nergalle
  9133 | D:11     | Reached XP level 12. HP: 72/103 MP: 0/12
  9167 | D:11     | Noticed Psyche
  9177 | D:11     | Killed Psyche
 10100 | D:12     | Noticed a tengu warrior
 10116 | D:12     | Killed a tengu warrior
 10191 | D:12     | Noticed Duomaof's ghost (journeyman DjFE)
 10192 | D:12     | Found a runed translucent gate.
 10193 | D:12     | Noticed a deep elf knight
 10194 | D:12     | Noticed a two-headed ogre
 10197 | D:12     | a yak changed into an entropy weaver
 10197 | D:12     | Noticed an entropy weaver (shapeshifter)
 10510 | D:12     | Found a runed translucent gate.
 10510 | D:12     | Found a runed translucent gate.
 10533 | D:12     | Identified the +1 cloak of the Snake Pit {rN+ Regen+ Dex+2}
 11045 | D:12     | Found a runed translucent gate.
 11045 | D:12     | Found a runed translucent gate.
 11045 | D:12     | Found a runed translucent gate.
 11045 | D:12     | Noticed Duomaof's ghost (journeyman DjFE)
 11047 | D:12     | Found a basalt altar of Yredelemnul.
 11058 | D:12     | Reached skill level 15 in Axes
 11207 | D:12     | Killed Duomaof's ghost
 11258 | D:12     | Killed a two-headed ogre
 11278 | D:12     | Killed Duomaof's ghost
 11279 | D:12     | Reached XP level 13. HP: 91/111 MP: 0/13
 11365 | Orc:1    | Entered Level 1 of the Orcish Mines
 11566 | Orc:2    | Entered Level 2 of the Orcish Mines
 11755 | Orc:1    | Noticed Moriavi's ghost (journeyman DjFE)
 11755 | Orc:1    | Found a runed translucent door.
 11799 | Orc:1    | Noticed an ettin
 11816 | Orc:1    | Reached skill level 10 in Fighting
 11839 | Orc:1    | Killed an ettin
 12199 | Orc:1    | Killed Moriavi's ghost
 12204 | Orc:1    | Got the Catalogue of the Shadowy Icicle
 12347 | Orc:2    | Found a staircase to the Elven Halls.
 12357 | Orc:2    | Paralysed by an orc sorcerer for 4 turns
 12389 | Orc:2    | Noticed an orc warlord
 12845 | Orc:2    | Found Difaidgh's Distillery.
 12860 | Orc:2    | Reached skill level 10 in Armour
 12993 | Orc:2    | Found Goihyedi's General Store.
 13172 | Orc:2    | Killed an orc warlord
 13339 | Orc:2    | Bought a scroll of blinking for 120 gold pieces
 13339 | Orc:2    | Bought a potion of mutation for 128 gold pieces
 13339 | Orc:2    | Bought a wand of charming (5) for 192 gold pieces
 13341 | Orc:2    | Bought a potion of mutation for 112 gold pieces
 13341 | Orc:2    | Bought a potion of enlightenment for 70 gold pieces
 13341 | Orc:2    | Bought a potion of might for 56 gold pieces
 13341 | Orc:2    | Bought a potion of heal wounds for 70 gold pieces
 13341 | Orc:2    | Bought a potion of curing for 42 gold pieces
 13341 | Orc:2    | Bought a potion of enlightenment for 70 gold pieces
 13882 | Orc:2    | Reached skill level 10 in Shields
 14056 | Orc:2    | Reached XP level 14. HP: 111/122 MP: 1/14
 14210 | Orc:2    | Found Etsoc's Book Boutique.
 14211 | Orc:2    | Found Joasaraph's Antique Weapon Shop.
 14212 | Orc:2    | Found a one-way gate leading to the halls of Pandemonium.
 14826 | D:13     | Noticed Keklamm's ghost (journeyman HOFi)
 14878 | D:13     | Found a transporter.
 14930 | D:13     | Identified the +1 pair of boots of Hopscotch {Harm rF+
                  | rCorr}
 15075 | D:13     | Reached skill level 10 in Evocations
 15145 | D:13     | Found a gate to the Vaults.
 15395 | D:13     | Found a transporter.
 15573 | D:13     | Killed Keklamm's ghost
 15575 | D:13     | Gained mutation: Armour fits poorly on your strangely
                  | shaped body. [a neqoxec]
 15826 | D:14     | Noticed Agnes
 15844 | D:14     | Killed Agnes
 16241 | D:14     | Noticed Jorgrun
 16255 | D:14     | Killed Jorgrun
 16607 | D:14     | Found a blossoming altar of Fedhas.
 16670 | D:14     | You fall into a shaft and drop 1 floor!
 16670 | D:15     | Entered Level 15 of the Dungeon
 17441 | D:15     | Found Nezxyps's Pet Rocks.
 17778 | D:15     | Found a staircase to the Depths.
 18393 | Lair:1   | Entered Level 1 of the Lair of Beasts
 18414 | Lair:1   | Noticed Maggie
 18428 | Lair:1   | Reached XP level 15. HP: 119/132 MP: 0/15
 18432 | Lair:1   | Killed Maggie
 18754 | Lair:1   | Noticed Sonja
 18762 | Lair:1   | Killed Sonja
 18918 | Lair:1   | Found a runed translucent door.
 18947 | Lair:1   | Identified the +9 whip "Buahytapy" {heavy, Int+3 Dex+3}
 18977 | Lair:1   | Found a runed translucent gate.
 18977 | Lair:1   | Found a runed translucent gate.
 18977 | Lair:1   | Found a runed translucent gate.
 18977 | Lair:1   | Found a runed translucent gate.
 18978 | Lair:1   | Found a runed translucent gate.
 18980 | Lair:1   | Found a runed translucent gate.
 19506 | Lair:1   | Reached skill level 15 in Shields
 20065 | Lair:2   | Upgraded the game from 0.31-a0-1096-g246cf01 to
                  | 0.31-a0-1098-g6898e65
 20904 | Lair:2   | Noticed Amaemon
 20925 | Lair:2   | Killed Amaemon
 21263 | Lair:3   | Found a staircase to the Swamp.
 22042 | Lair:3   | Found a hole to the Spider Nest.
 22772 | Lair:4   | Found a runed translucent gate.
 22773 | Lair:4   | Found a runed translucent gate.
 22774 | Lair:4   | Found a runed translucent gate.
 22775 | Lair:4   | Noticed ulamog's ghost (journeyman TrBe)
 23006 | Lair:4   | Identified the maw talisman "Kiraem" {rPois rC+ Will-}
 23006 | Lair:4   | Noticed Rupert
 23019 | Lair:4   | Killed Rupert
 23020 | Lair:4   | Reached XP level 16. HP: 143/143 MP: 13/16
 23348 | Lair:4   | Noticed Nessos
 23366 | Lair:4   | Killed Nessos
 23481 | Lair:4   | Found a viscous altar of Jiyva.
 23481 | Lair:4   | Found a staircase to the Slime Pits.
 23744 | Lair:4   | Found a shimmering altar of Xom.
 23924 | Lair:4   | Killed ulamog's ghost
 24096 | Lair:4   | Bought a shiny helmet for 240 gold pieces
 24096 | Lair:4   | Bought an ancient plate armour for 896 gold pieces
 24096 | Lair:4   | Identified the +12 plate armour of Zaclec {rF+ Stlth+} (You
                  | bought it in a shop on level 4 of the Lair of Beasts)
 24096 | Lair:4   | Bought the +3 pair of gauntlets of War {Slay+5} for 1520
                  | gold pieces
 24096 | Lair:4   | Found the +3 pair of gauntlets of War {Slay+5}
 24149 | Lair:4   | Bought the amulet "Bech" {rPois rC- Regen+ Dex+2} for 576
                  | gold pieces
 24152 | Lair:5   | Entered Level 5 of the Lair of Beasts
 24186 | Lair:5   | Reached skill level 1 in Spellcasting
 24252 | Lair:5   | Noticed Snorg
 24264 | Lair:5   | Killed Snorg
 24392 | Lair:5   | Found a runed translucent door.
 24393 | Lair:5   | Noticed NewUser1's ghost (journeyman VSFi)
 24699 | Lair:5   | Found a broken altar of Ashenzari.
 24813 | Lair:5   | Identified the +7 glaive of Courage {heavy, *Corrode rF+++
                  | Will+ Str-5}
 24920 | Lair:5   | Identified the scarf of the Weaver {repulsion, rElec rC-
                  | Regen+}
 25043 | Lair:5   | Identified the +5 trident of Yeast {drain, *Rage rElec
                  | rPois rCorr}
 25263 | Lair:5   | Bought a potion of heal wounds for 80 gold pieces
 25263 | Lair:5   | Bought a +1 pair of boots of flying for 264 gold pieces
 25303 | Lair:5   | Killed NewUser1's ghost
 25444 | Swamp:1  | Entered Level 1 of the Swamp
 25706 | Swamp:1  | You are sucked into a shaft and drop 1 floor!
 25959 | Swamp:1  | Noticed a kraken
 26034 | Swamp:1  | Killed a kraken
 26035 | Swamp:1  | Reached XP level 17. HP: 62/154 MP: 21/21
 26811 | Swamp:3  | Reached skill level 5 in Polearms
 27453 | Swamp:4  | Entered Level 4 of the Swamp
 27666 | Swamp:4  | Noticed Louise
 27684 | Swamp:4  | Killed Louise
 27846 | Swamp:4  | Noticed the 27-headed Lernaean hydra
 27856 | Swamp:4  | Killed the 27-headed Lernaean hydra
 27978 | Swamp:4  | Identified the +8 rapier of the Maze {freeze, rElec rN+
                  | Dex+2}
 27997 | Swamp:4  | Got a decaying rune of Zot
 28361 | Lair:3   | Bought a scroll of enchant armour for 142 gold pieces
 28361 | Lair:3   | Bought a scroll of enchant armour for 142 gold pieces
 28361 | Lair:3   | Bought a scroll of blinking for 142 gold pieces
 28397 | Spider:1 | Entered Level 1 of the Spider Nest
 28401 | Spider:1 | Noticed Nikola
 28418 | Spider:1 | Reached skill level 15 in Fighting
 28437 | Spider:1 | Killed Nikola
 28468 | Spider:1 | Reached skill level 5 in Throwing
 28735 | Spider:1 | Reached XP level 18. HP: 163/163 MP: 22/22
 29908 | Spider:2 | Identified the ring of Bodily Harmony {rPois rN++ AC+4
                  | Int-3}
 31777 | Spider:4 | Entered Level 4 of the Spider Nest
 32007 | Spider:4 | Identified the +3 leather armour of Toigykorgh {rElec
                  | Dex+2}
 32452 | Spider:4 | Reached XP level 19. HP: 80/174 MP: 15/23
 32698 | Spider:4 | Got a gossamer rune of Zot
 33021 | Lair:3   | Bought a scroll of enchant weapon for 112 gold pieces
 33021 | Lair:3   | Bought a +0 kite shield of protection for 172 gold pieces
 33021 | Lair:3   | Bought a wand of charming (4) for 144 gold pieces
 33187 | Vaults:1 | Entered Level 1 of the Vaults
 33591 | Vaults:1 | Noticed Zenata
 33604 | Abyss:4  | Cast into level 4 of the Abyss (+1 short sword of
                  | distortion)
 33633 | Abyss:4  | Found a corrupted altar of Lugonu.
 33649 | Abyss:4  | Found a corrupted altar of Lugonu.
 33663 | Abyss:4  | Found a corrupted altar of Lugonu.
 33707 | Abyss:4  | Got an abyssal rune of Zot
 33737 | Abyss:5  | Found a roughly hewn altar of Beogh.
 33808 | Vaults:1 | Escaped the Abyss
 33823 | Vaults:1 | Killed Zenata
 33883 | Vaults:1 | Paralysed by a formless jellyfish for 1 turns
 33897 | Vaults:1 | Lost mutation: Armour fits poorly on your strangely shaped
                  | body. [potion of mutation]
 33897 | Vaults:1 | Gained mutation: You have a somewhat thin skeletal
                  | structure. (Dex +2, Stealth+) [potion of mutation]
 33897 | Vaults:1 | Gained mutation: You occasionally lose the ability to drink
                  | potions when taking damage. [potion of mutation]
 33897 | Vaults:1 | Gained mutation: Armour fits poorly on your strangely
                  | shaped body. [potion of mutation]
 33897 | Vaults:1 | Gained mutation: Your system is resistant to poisons.
                  | (rPois) [potion of mutation]
 33898 | Vaults:1 | Lost mutation: You have a somewhat thin skeletal structure.
                  | (Dex +2, Stealth+) [potion of mutation]
 33898 | Vaults:1 | Lost mutation: Armour fits poorly on your strangely shaped
                  | body. [potion of mutation]
 33898 | Vaults:1 | Gained mutation: You are clumsy. (Dex -2) [potion of
                  | mutation]
 34605 | Vaults:2 | Reached skill level 10 in Dodging
 34680 | Vaults:2 | Reached XP level 20. HP: 157/187 MP: 24/24
 34683 | Vaults:2 | Paralysed by a formless jellyfish for 1 turns
 34852 | Vaults:2 | Paralysed by a formless jellyfish for 1 turns
 35635 | Vaults:2 | Found a staircase to the Crypt.
 35635 | Vaults:2 | Found an ancient bone altar of Kikubaaqudgha.
 35635 | Vaults:2 | Found a basalt altar of Yredelemnul.
 36171 | Vaults:3 | Found a glowing silver altar of Zin.
 36171 | Vaults:3 | Found a crumbling gateway.
 36171 | Vaults:3 | Found a glowing golden altar of the Shining One.
 36183 | Vaults:3 | Found a white marble altar of Elyvilon.
 36216 | Desolati | Entered the Desolation of Salt
 36320 | Desolati | Got the Almanac of the Evolved Throng
 36324 | Desolati | Identified the ring "Uloonk" {Drain rF++ rCorr MP+9 Str-5}
 36577 | Desolati | Identified the +0 leather armour "Hauciq" {rPois rF- Str+5
                  | Stlth+}
 36579 | Desolati | Got Sif Muna's Directory of Causimancy
 36595 | Desolati | Identified the +3 long sword of Baifysk {heavy, rC++ SInv}
 36746 | Desolati | Got the Collected Works on the Felsic Serac
 36760 | Desolati | Identified the ring of Xeit {rC+ rN+ Dex+5}
 36766 | Desolati | Identified the +10 orcbow of the End of Times {heavy, rC+
                  | SInv}
 36801 | Desolati | Identified the ring "Zeukk" {MP+9 Dex+6}
 36982 | Vaults:3 | Reached XP level 21. HP: 156/199 MP: 25/25
 37668 | Vaults:3 | Noticed Boris
 37676 | Vaults:3 | Killed Boris
 37687 | Vaults:3 | Reached skill level 15 in Evocations
 39021 | Vaults:4 | Noticed a golden dragon
 39059 | Vaults:4 | Killed a golden dragon
 39175 | Vaults:5 | Entered Level 5 of the Vaults
 39231 | Vaults:5 | Reached XP level 22. HP: 119/213 MP: 26/26
 39242 | Vaults:5 | Found the +12 glaive of Prune {freeze, Prune}
 39275 | Vaults:5 | Identified the +3 plate armour of Exclusion {Contam rElec
                  | Dex+6}
 39388 | Vaults:5 | Reached skill level 10 in Throwing
 39518 | Vaults:5 | Identified the +7 orcbow of Jiothrulu {freeze, rElec}
 39578 | Vaults:5 | Got a silver rune of Zot
 39590 | Vaults:5 | Noticed an ancient lich
 39590 | Vaults:5 | Noticed an ancient lich
 39602 | Vaults:5 | Killed an ancient lich
 39604 | Vaults:5 | Killed an ancient lich
 39728 | Vaults:5 | Noticed a dread lich
 39728 | Vaults:5 | Noticed a golden dragon
 39743 | Vaults:5 | Killed a dread lich
 39745 | Vaults:5 | Reached XP level 23. HP: 72/223 MP: 27/27
 39762 | Vaults:5 | Killed a golden dragon
 40000 | Vaults:5 | Got Juorcher's Incunabulum of Voltaic Malediction
 40009 | Vaults:5 | Identified the staff of Poag {Str+2 Earth}
 40015 | Vaults:5 | Noticed a dread lich
 40029 | Vaults:5 | Killed a dread lich
 40063 | Vaults:5 | Noticed a golden dragon
 40072 | Vaults:5 | Killed a golden dragon
 40170 | Vaults:5 | Found the +6 shillelagh "Devastator" {shatter}
 40234 | Vaults:5 | Got the Folio of Hurting
 40388 | Vaults:5 | Found Itzeisac's General Store.
 40389 | Vaults:5 | Identified the +5 giant club "Orb Guardian's Doom" {heavy,
                  | Drain rElec rPois Int+3}
 40472 | Vaults:5 | Identified the ring "Gocvojas" {rF+ Str+6}
 40492 | Vaults:5 | Bought a potion of curing for 51 gold pieces
 40669 | Vaults:5 | Found Vuozxi Cunku's Distillery.
 40676 | Vaults:5 | Bought a potion of haste for 140 gold pieces
 40676 | Vaults:5 | Bought a potion of heal wounds for 70 gold pieces
 40676 | Vaults:5 | Bought a potion of enlightenment for 70 gold pieces
 40676 | Vaults:5 | Bought a potion of magic for 112 gold pieces
 40676 | Vaults:5 | Bought a potion of berserk rage for 70 gold pieces
 40676 | Vaults:5 | Bought a potion of curing for 42 gold pieces
 40690 | Vaults:5 | Found Kagu Qouno's Distillery.
 40701 | Vaults:5 | Bought a potion of haste for 140 gold pieces
 40701 | Vaults:5 | Bought a potion of curing for 42 gold pieces
 40701 | Vaults:5 | Bought 2 potions of heal wounds for 140 gold pieces
 40701 | Vaults:5 | Bought 2 potions of heal wounds for 140 gold pieces
 40701 | Vaults:5 | Bought a potion of haste for 140 gold pieces
 40717 | Vaults:5 | Found Ezxuc's Magic Scroll Shop.
 40721 | Vaults:5 | Bought a scroll of enchant weapon for 112 gold pieces
 40721 | Vaults:5 | Bought a scroll of enchant weapon for 112 gold pieces
 40721 | Vaults:5 | Bought a scroll of summoning for 142 gold pieces
 40723 | Vaults:5 | Upgraded the game from 0.31-a0-1098-g6898e65 to
                  | 0.31-a0-1101-g9ad1905
 41497 | D:4      | Bought a potion of mutation for 96 gold pieces
 41499 | D:4      | Lost mutation: You are clumsy. (Dex -2) [potion of
                  | mutation]
 41499 | D:4      | Lost mutation: Your system is resistant to poisons. (rPois)
                  | [potion of mutation]
 41499 | D:4      | Gained mutation: You are weak. (Str -2) [potion of
                  | mutation]
 41500 | D:4      | Lost mutation: You are weak. (Str -2) [potion of mutation]
 41500 | D:4      | Lost mutation: You occasionally lose the ability to drink
                  | potions when taking damage. [potion of mutation]
 41500 | D:4      | Gained mutation: You have a pair of small antennae on your
                  | head. [potion of mutation]
 41666 | Lair:3   | Bought a scroll of brand weapon for 180 gold pieces
 41860 | Elf:1    | Entered Level 1 of the Elven Halls
 41860 | Elf:1    | Found a runed translucent gate.
 41860 | Elf:1    | Found a runed translucent gate.
 41860 | Elf:1    | Found a runed translucent gate.
 41860 | Elf:1    | Found a runed translucent gate.
 41860 | Elf:1    | Found a runed translucent gate.
 41860 | Elf:1    | Found a runed translucent gate.
 42210 | Elf:1    | Found a runed translucent door.
 42267 | Elf:1    | Found a runed translucent door.
 42758 | Elf:1    | Paralysed by an air elemental for 1 turns
 42862 | Elf:1    | Got the Folio of Agnosticism
 43084 | Elf:1    | Paralysed by an air elemental for 1 turns
 43196 | Elf:1    | Got the Secrets of Nephomancy
 43418 | Elf:1    | Noticed a caustic shrike
 43426 | Elf:1    | Killed a caustic shrike
 43444 | Elf:1    | Got the Elucidation of Metal
 43685 | Elf:1    | Got the Grimoire of the Foremost Hells
 44097 | Elf:2    | Found a huge runed translucent gate.
 44097 | Elf:2    | Found a huge runed translucent gate.
 44097 | Elf:2    | Found a huge runed translucent gate.
 44103 | Elf:2    | Found a huge runed translucent gate.
 44103 | Elf:2    | Found a huge runed translucent gate.
 44550 | Elf:2    | Reached XP level 24. HP: 236/237 MP: 27/27
 44583 | Elf:2    | Reached skill level 5 in Stealth
 44934 | Elf:3    | Entered Level 3 of the Elven Halls
 44934 | Elf:3    | Found Adun's General Store.
 44968 | Elf:3    | Bought a scroll of revelation for 142 gold pieces
 44968 | Elf:3    | Bought a potion of curing for 57 gold pieces
 44968 | Elf:3    | Bought a scroll of brand weapon for 180 gold pieces
 44968 | Elf:3    | Bought a wand of flame (3) for 39 gold pieces
 44977 | Elf:3    | Found a huge runed gate.
 44977 | Elf:3    | Found a huge runed gate.
 44978 | Elf:3    | Found a huge runed gate.
 44978 | Elf:3    | Found a huge runed gate.
 44986 | Elf:3    | Found a huge runed gate.
 44987 | Elf:3    | Found a huge runed gate.
 44987 | Elf:3    | Found a huge runed gate.
 44988 | Elf:3    | Found a huge runed gate.
 44988 | Elf:3    | Found a huge runed gate.
 44988 | Elf:3    | Found a huge runed gate.
 44989 | Elf:3    | Found a huge runed gate.
 44989 | Elf:3    | Found a huge runed gate.
 44990 | Elf:3    | Found a huge runed gate.
 44993 | Elf:3    | Found a huge runed gate.
 44995 | Elf:3    | Found a huge runed gate.
 45057 | Elf:3    | Paralysed by an air elemental for 1 turns
 45275 | Elf:3    | Found a huge runed gate.
 45275 | Elf:3    | Found a huge runed gate.
 45275 | Elf:3    | Found a huge runed gate.
 45277 | Elf:3    | Found a huge runed gate.
 45281 | Elf:3    | Found a huge runed gate.
 45281 | Elf:3    | Found a huge runed gate.
 45281 | Elf:3    | Found a huge runed gate.
 45281 | Elf:3    | Found a huge runed gate.
 45281 | Elf:3    | Found a huge runed gate.
 45281 | Elf:3    | Found a huge runed gate.
 45282 | Elf:3    | Found a huge runed gate.
 45283 | Elf:3    | Found a huge runed gate.
 45284 | Elf:3    | Found a huge runed gate.
 45335 | Elf:3    | Found a huge runed gate.
 45336 | Elf:3    | Found a huge runed gate.
 45337 | Elf:3    | Found a huge runed gate.
 45338 | Elf:3    | Found a huge runed gate.
 45339 | Elf:3    | Found a huge runed gate.
 45340 | Elf:3    | Found a huge runed gate.
 45341 | Elf:3    | Found a huge runed gate.
 45342 | Elf:3    | Found a huge runed gate.
 45659 | Elf:3    | Gained mutation: Armour fits poorly on your strangely
                  | shaped body. [a neqoxec]
 45666 | Abyss:5  | Cast into level 5 of the Abyss (a deep elf sorcerer)
 45684 | Elf:3    | Escaped the Abyss
 46109 | Elf:3    | Identified the ring of Satunics {rElec rC+ rCorr}
 46110 | Elf:3    | Identified the +7 dire flail "Yvodash" {pain, rN+ rCorr
                  | Str+4}
 46193 | Elf:3    | Found the dreamshard necklace {Acrobat *Dream}
 46198 | Elf:3    | Found the +7 captain's cutlass {speed, disarm}
 46212 | Elf:3    | Lost mutation: You have a pair of small antennae on your
                  | head. [potion of mutation]
 46212 | Elf:3    | Lost mutation: Armour fits poorly on your strangely shaped
                  | body. [potion of mutation]
 46212 | Elf:3    | Gained mutation: You are agile. (Dex +4, Str/Int -1)
                  | [potion of mutation]
 46212 | Elf:3    | Gained mutation: Your movements are slightly less
                  | encumbered by armour. (ER -2) [potion of mutation]
 46250 | Elf:3    | Got the Omnibus of the Flashy Snake
 46270 | Elf:3    | Found the +3 pair of mountain boots {steadfast, rC+}
 46278 | Elf:3    | Identified the +3 dagger of Kismet {elec, Fragile rPois rN+
                  | Dex+3}
 46776 | Crypt:1  | Entered Level 1 of the Crypt
 46935 | Crypt:1  | Noticed Xtahua
 46945 | Crypt:1  | Paralysed by a vampire knight for 2 turns
 46948 | Crypt:1  | Killed Xtahua
 47003 | Crypt:1  | Identified the +1 robe "Susobru" {Archmagi}
 47084 | Crypt:1  | Identified the serpent talisman of Lies {Str+6 Int+2}
 47084 | Crypt:1  | Noticed Aizul
 47088 | Crypt:1  | Killed Aizul
 47551 | Crypt:2  | Reached skill level 15 in Armour
 47649 | Crypt:2  | Found a basalt altar of Yredelemnul.
 48298 | Crypt:3  | Entered Level 3 of the Crypt
 48300 | Crypt:3  | Reached XP level 25. HP: 249/249 MP: 27/27
 48332 | Crypt:3  | Noticed Grunn
 48342 | Crypt:3  | Noticed Boris
 48361 | Crypt:3  | Found a staircase to the Tomb.
 48368 | Crypt:3  | Found a magical portal.
 48383 | WizLab   | Entered The Roulette of Golubria
 48383 | WizLab   | Found a transporter.
 48538 | WizLab   | Found a corrupted altar of Lugonu.
 48565 | WizLab   | Found a transporter.
 48625 | WizLab   | Found a transporter.
 48628 | WizLab   | Found a corrupted altar of Lugonu.
 48631 | WizLab   | Found a transporter.
 48648 | WizLab   | Found a transporter.
 48662 | WizLab   | Found a corrupted altar of Lugonu.
 48715 | WizLab   | Found a corrupted altar of Lugonu.
 48717 | WizLab   | Found a transporter.
 48775 | WizLab   | Found a transporter.
 48799 | WizLab   | Found a transporter.
 48808 | WizLab   | Found a transporter.
 48862 | WizLab   | Found a transporter.
 49035 | WizLab   | Found a transporter.
 49075 | WizLab   | Found a transporter.
 49076 | WizLab   | Paralysed by an air elemental for 1 turns
 49098 | WizLab   | Found a transporter.
 49098 | WizLab   | Found a transporter.
 49159 | WizLab   | Identified the +2 cloak of Jyij {rPois Str+8 Int-5 Dex+2}
 49162 | WizLab   | Got the Tome of Transportation
 49178 | WizLab   | Identified the -1 cloak of Hedonism {Rampage Str+2}
 49203 | WizLab   | Identified the +1 cloak of Immosa Emoe {Int+2}
 49322 | WizLab   | Found a transporter.
 49322 | WizLab   | Found a transporter.
 49413 | WizLab   | Found a transporter.
 49446 | WizLab   | Found a transporter.
 49446 | WizLab   | Found a transporter.
 49623 | Crypt:3  | Killed Boris
 49642 | Crypt:3  | Killed Grunn
 49990 | Crypt:3  | Paralysed by a vampire knight for 2 turns
 50190 | Crypt:3  | Found an ancient bone altar of Kikubaaqudgha.
 50231 | Crypt:3  | Identified the ring of Arucveitt {rElec rPois rN+ Dex+6}
 50245 | Crypt:3  | Found the +7 sceptre of Torment {pain, torment}
 50271 | Crypt:3  | Identified the amulet "Gaggouk" {rF+ rN++ Regen+ Int-4}
 50271 | Crypt:3  | Identified the ring "Coor" {rN+ Str+6}
 50271 | Crypt:3  | Identified the ring of Trepidation {rF+ rN+ Int+2 Dex-5}
 50902 | Crypt:3  | Identified the ring of Wonder {rC+ rN+ Str+3}
 51289 | Tomb:1   | Entered Level 1 of the Tomb of the Ancients
 51537 | Tomb:1   | Reached XP level 26. HP: 54/262 MP: 27/27
 52110 | Tomb:1   | Identified the +0 robe of Atheism {-Cast Slay+5}
 52578 | Depths:1 | Entered Level 1 of the Depths
 53161 | Depths:1 | Found a gateway to Hell.
 53165 | Depths:1 | Noticed Boris
 53179 | Depths:1 | Killed Boris
 54285 | Depths:2 | Reached skill level 27 in Fighting
 54395 | Depths:2 | Gained mutation: Potions are less effective at restoring
                  | your health. [a neqoxec]
 54419 | Depths:2 | Gained mutation: Your spells are a little harder to cast,
                  | but a little more powerful. [a neqoxec]
 55081 | Depths:2 | Found a stormy altar of Qazlal.
 55220 | Depths:2 | Found a radiant altar of Vehumet.
 55622 | Depths:3 | Found a one-way gateway to a ziggurat.
 55623 | Depths:3 | Noticed Boris
 55641 | Depths:3 | Killed Boris
 56077 | Depths:3 | Noticed Parghit
 56087 | Depths:3 | Killed Parghit
 56250 | Depths:3 | Found a sparkling altar of Nemelex Xobeh.
 56433 | Depths:3 | Found a one-way gate to the infinite horrors of the Abyss.
 56682 | Depths:3 | Identified the +2 scale mail "Siqufroj" {rF+++ rN+ Dex+2}
 56764 | Depths:3 | Reached XP level 27. HP: 273/273 MP: 27/27
 56988 | Depths:4 | Entered Level 4 of the Depths
 57302 | Depths:4 | Noticed Vv
 57321 | Depths:4 | Killed Vv
 57855 | Depths:4 | Found a transporter.
 57856 | Depths:4 | Found a transporter.
 57886 | Depths:4 | Found a gate to the Realm of Zot.
 57955 | Depths:4 | Found a portal to a secret trove of treasure.
 58044 | Depths:4 | Found a transporter.
 58044 | Depths:4 | Found a transporter.
 58153 | Depths:4 | Bought a potion of ambrosia for 128 gold pieces
 58153 | Depths:4 | Bought a potion of heal wounds for 80 gold pieces
 58153 | Depths:4 | Bought a potion of curing for 48 gold pieces
 58153 | Depths:4 | Bought a potion of curing for 48 gold pieces
 58153 | Depths:4 | Bought a potion of cancellation for 128 gold pieces
 58157 | Depths:4 | Bought a potion of curing for 51 gold pieces
 58157 | Depths:4 | Bought a potion of heal wounds for 85 gold pieces
 58157 | Depths:4 | Bought a potion of curing for 51 gold pieces
 58157 | Depths:4 | Bought a potion of heal wounds for 85 gold pieces
 58157 | Depths:4 | Bought a potion of mutation for 136 gold pieces
 58157 | Depths:4 | Bought 2 potions of invisibility for 272 gold pieces
 58178 | Depths:4 | Bought a scroll labelled INUPHINOAD for 23 gold pieces
 58178 | Depths:4 | Bought a potion of haste for 230 gold pieces
 58178 | Depths:4 | Acquired 755 gold pieces
 58182 | Depths:4 | Bought a scroll of summoning for 171 gold pieces
 58182 | Depths:4 | Bought a scroll of enchant weapon for 135 gold pieces
 58182 | Depths:4 | Bought a scroll of revelation for 135 gold pieces
 58182 | Depths:4 | Bought a scroll of enchant weapon for 135 gold pieces
 58182 | Depths:4 | Bought a scroll of acquirement for 936 gold pieces
 58182 | Depths:4 | Acquired the scarf "Vicsoa Jeso" {repulsion, *Corrode
                  | Will+++ Slay+6}
 58266 | Zot:1    | Entered Level 1 of the Realm of Zot
 59508 | Zot:2    | Noticed an orb of fire
 59509 | Zot:2    | Gained mutation: You sometimes lose your temper in combat.
                  | [an orb of fire]
 59520 | Zot:2    | Killed an orb of fire
 59776 | Zot:2    | Identified the +3 dagger of Disembowelment {vamp, Will-
                  | Dex+6}
 60628 | Zot:3    | Noticed an orb of fire
 60638 | Zot:3    | Killed an orb of fire
 62784 | Zot:4    | Gained mutation: You are frail. (-10% HP) [mutagenic glow]
 62800 | Zot:4    | Gained mutation: You occasionally lose the ability to read
                  | scrolls when taking damage. [mutagenic glow]
 62818 | Zot:4    | Gained mutation: You have an uncontrollable temper.
                  | [mutagenic glow]
 63161 | Zot:5    | Entered Level 5 of the Realm of Zot
 63405 | Zot:5    | Reached skill level 27 in Axes
 63701 | Zot:5    | Noticed an orb of fire
 63705 | Zot:5    | Gained mutation: You occasionally shout uncontrollably at
                  | your foes. [an orb of fire]
 63708 | Zot:5    | Lost mutation: You are agile. (Dex +4, Str/Int -1) [an orb
                  | of fire]
 63709 | Zot:5    | Noticed a dread lich
 63713 | Zot:5    | Gained mutation: You frequently scream uncontrollably at
                  | your foes. [an orb of fire]
 63717 | Zot:5    | Noticed an orb of fire
 63718 | Zot:5    | Noticed an orb of fire
 63720 | Zot:5    | Killed a dread lich
 63724 | Zot:5    | Gained mutation: You are vulnerable to cold. (rC-) [an orb
                  | of fire]
 63724 | Zot:5    | Noticed an ancient lich
 63729 | Zot:5    | Noticed a dread lich
 63730 | Zot:5    | Gained mutation: You are vulnerable to heat. (rF-) [an orb
                  | of fire]
 63731 | Zot:5    | Noticed an orb of fire
 63733 | Zot:5    | Noticed a dread lich
 63740 | Zot:5    | Killed from afar by an orb of fire

Illustrated notes

Levels and vault maps discovered:
D:1:      reono_arrival_forest_river, layout_basic,
          ebering_ecumenical_altar_webs, serial_glass, glass_columns_a,
          glass_columns_a, glass_columns_a, glass_columns_b,
          chequers_serial_rivers_micro_c, glass_columns_b, minmay_tetromino_t2
D:2:      layout_loops_corners, basic_altar, minmay_misc_feat_chi,
          chequers_serial_rivers_micro_e
D:3:      layout_rooms, tgw_sif, mainiacjoe_overflow_swirl, moated_statue
D:4:      layout_loops_cross, nicolae_wu_jian_wuxing_cycle,
          gammafunk_ghost_smash, grunt_ministairs_14, nicolae_stop_n_shop_1,
          hex_medium
D:5:      black_bear_nest_1, layout_basic, nicolae_qazlal_beasts_of_the_sky,
          minmay_misc_feat_pillars, wad_rectangle_vault, uniq_blork_the_orc
D:6:      layout_loops_ring, minmay_temple_entry_butterflies,
          gammafunk_ghost_hive
D:7:      layout_rooms, serial_bayou_pond_d
D:8:      layout_rooms, serial_shops, nicolae_shop_tiny_glass, uniq_maurice
D:9:      layout_irregular_city, dpeg_lair_monsters, uniq_pikel
D:10:     layout_big_octagon, nicolae_overflow_hallway_of_the_gods,
          kennysheep_mini
D:11:     layout_basic, david_orc_2, uniq_nergalle, uniq_psyche
D:12:     layout_basic, gammafunk_ghost_split, minmay_misc_feat_four_crosses,
          nicolae_yredelemnul_ghost_church
D:13:     layout_roguey, erik_vaults_2, gammafunk_ghost_stat_death
D:14:     layout_grid_maze, hangedman_decor_riveting, fedhas_ov_isle_minmay,
          uniq_jorgrun, uniq_agnes
D:15:     gammafunk_enter_depths_forms, layout_small_grid, bh_walls_and_bars,
          hangedman_abyss_or_decor_clamps, guppyfry_shop_earth
Lair:1:   gammafunk_indiana_jones, layout_chaotic_city, uniq_sonja, uniq_maggie
Lair:2:   lemuel_ratsnest, layout_small_grid, uniq_amaemon
Lair:3:   layout_long_grid, minmay_swamp_entry_eels,
          spider_nest_entry_funnel_web, dreamdust_gnoll_shepherd,
          lemuel_fruit_tree
Lair:4:   layout_long_grid, dpeg_slime_entry_enclosed,
          gammafunk_ghost_necromancy, lemuel_oklob_altar, uniq_rupert,
          uniq_nessos
Lair:5:   minmay_lair_end_frog_pond, layout_hall_layers, basic_altar,
          ebering_ghost_funeral_grove, st_stairs_7, uniq_snorg
Swamp:1:  layout_basic_swamp, evilmike_swamp_ruin_house_1, swamp_pool_1_2,
          nicolae_swamp_thats_no_hydra
Swamp:2:  layout_basic_swamp, hangedman_swamp_ruin_wall, swamp_pool_1_2
Swamp:3:  layout_basic_swamp, evilmike_swamp_ruin_house_2, swamp_pool_1_2,
          hangedman_swamp_grove, nicolae_swamp_decorative_isthmus
Swamp:4:  swamp_old_school, layout_basic_swamp, uniq_louise
Spider:1: lemuel_spider_zombies, uniq_nikola
Spider:2: layout_spider_delve, nicolae_spider_webs_and_nodes, drop_trap,
          nicolae_spider_claw_tunnel
Spider:3: layout_spider_delve, nicolae_spider_moth_buddies
Spider:4: spider_rune_water
Orc:1:    layout_caves, ebering_ghost_inner_flame
Orc:2:    pf_orc_diabolical, layout_diamond_mine
Elf:1:    nicolae_elf_arrival_dilemma, layout_loops_cross,
          serial_hangedman_research, hangedman_research_electronics,
          hangedman_research_toxicology, hangedman_research_geology,
          hangedman_research_probablistics, hangedman_elven_crosses_minicolossus
Elf:2:    elven_hall_of_blades_hangedman_alternative [mumra_blade_entry_dagger],
          layout_geoelf_octagon, minivault_15, serial_sigils_hangedman_scratch
Elf:3:    minmay_elf_hall_four_x, layout_geoelf_diagonals, serial_shops, shop,
          hex_large, door_vault
Vaults:1: hangedman_vaults_river_flow, nicolae_vaults_ninety_degrees,
          st_spiral_rooms, vaults_room_stairs_pillars,
          nicolae_vaults_trapezoid_lopsided_1, v_misc_31, v_misc_12, v_misc_12,
          hangedman_vaults_stagger, layout_vaults_ring, uniq_zenata
Vaults:2: nicolae_vaults_little_ls, nicolae_vaults_network_periphery,
          vaults_mumra_chevron_long, nicolae_vaults_what_the_h, v_pattern_2,
          hangedman_vaults_impose, v_alt_pattern_6, ontoclasm_vaults_gateway,
          nicolae_vaults_little_squares_2, nicolae_vaults_turnstiles,
          dpeg_vaults_hating_casters, v_alt_pattern_4,
          minmay_crypt_entry_necro_gods, vaults_room_pools,
          nicolae_vaults_trapezoid_lopsided_3, layout_vaults_omnicross
Vaults:3: portal_desolation_entry_holy_temple, v_misc_1, v_rooms_3,
          nicolae_vaults_offset_grid_hallway_3,
          nicolae_vaults_stairing_the_circle,
          nicolae_vaults_surprise_closet_hard, nicolae_vaults_arrows,
          grunt_vaults_swirl, hangedman_vaults_unwind,
          nicolae_vaults_variable_pillar_hall, nicolae_vaults_diamond_1,
          layout_vaults_maze, uniq_boris
Vaults:4: nicolae_vaults_offset_grid_hallway_1, v_misc_10,
          vaults_room_grunt_arrival_ludios, vaults_mumra_hex,
          nicolae_vaults_wine_cellar, v_misc_27, nicolae_vaults_trapezoid_2,
          serial_ice_h, vaults_room_fours, nicolae_vaults_little_squares_2,
          layout_vaults_omnibox
Vaults:5: serial_shops
Crypt:1:  layout_misc_corridors, uniq_xtahua, uniq_aizul
Crypt:2:  layout_misc_corridors, basic_altar
Crypt:3:  church_of_pain_bobbens, layout_chaotic_city,
          infiniplex_enter_wizlab_water, uniq_grunn
Tomb:1
Depths:1: layout_gridlike, chequers_serial_rivers_micro_d, hell_entry,
          hangedman_decor_points, nicolae_zig_zag_zippers
Depths:2: minmay_diamond_stairs, layout_basic, grunt_hell_entry_demonic_statue,
          grunt_pan_entry_sceptre, nicolae_vehumet_radiance,
          hangedman_abyss_or_decor_stagger, nicolae_qazlal_general_emergency
Depths:3: cheibrodos_poisonous_passages, layout_gridlike, enter_ziggurat_e,
          nemelex_diamond_rough_becter, rand_demon_pan_entry_5,
          abyss_entry_crystal, hangedman_coc_ice_floe, uniq_parghit
Depths:4: evilmike_zot_entry_basic, layout_cave_pools, hellmouth_1,
          nicolae_trove_entry_path_of_doom, hangedman_abyss_entry_splay,
          nicolae_diode_quadrants, uniq_vv
Zot:1:    layout_cathedral_of_symmetry
Zot:2:    layout_twisted_circle
Zot:3:    layout_misc_corridors, regret_index_zotdec_twisting_globes
Zot:4:    layout_cathedral_of_symmetry, hangedman_zot_decor_scrapings
Zot:5:    layout_basic, st_stairs_1, lemuel_baited_zot_trap, lemuel_golem_globe

Skill      XL: |  1  2  3  4  5  6  7  8  9 10 11 12 13 14 15 16 17 18 19 20 21 22 23 24 25 26 27 |
---------------+----------------------------------------------------------------------------------+-----
Axes           | 3 4 5 6 9 10 12 13 15 16 17 18 19 20 21 22 23 24 25 27 | 27.0
Fighting       | 4 5 7 8 9 10 12 13 14 15 16 18 19 21 22 23 25 26 27 | 27.0
Throwing       | 1 2 3 5 6 7 8 9 10 | 10.7
Dodging        | 1 2 3 4 5 6 7 8 9 10 11 12 | 12.3
Armour         | 4 5 6 7 8 9 10 11 12 13 14 15 17 | 17.5
Evocations     | 1 2 3 5 6 7 8 9 10 11 12 13 14 15 16 17 18 19 20 21 | 21.9
Shields        | 4 5 6 10 14 16 17 18 19 20 21 22 24 26 | 26.6
Stealth        | 1 2 3 4 5 6 |  6.3
Polearms       | 1 2 4 8 |  8.1
Spellcasting   | 2 3 |  3.0

Action                     |  1- 3 |  4- 6 |  7- 9 | 10-12 | 13-15 | 16-18 | 19-21 | 22-24 | 25-27 || total
---------------------------+-------+-------+-------+-------+-------+-------+-------+-------+-------++-------
  Melee: War axe           |   108 |   120 |       |   195 |  1212 |   283 |       |       |       ||  1918
         Hand axe          |       |     9 |   243 |   441 |       |       |       |       |       ||   693
         Trident           |       |       |       |     8 |    16 |   454 |       |       |       ||   478
         Broad axe         |       |       |       |       |       |   513 |  1018 |  1046 |  1399 ||  3976
  Throw: Dart              |       |     1 |    15 |     8 |    17 |    12 |     8 |       |       ||    61
         Javelin           |       |       |     5 |    13 |    21 |     7 |       |    17 |     5 ||    68
         Boomerang         |       |       |       |     3 |       |     3 |       |       |       ||     6
 Invoke: Call Merchant     |       |       |       |       |       |     4 |     1 |       |     5 ||    10
  Evoke: Wand              |       |     2 |     1 |    17 |    27 |    13 |     7 |     6 |     3 ||    76
         Sack of spiders   |       |       |       |       |       |     1 |       |       |       ||     1
         Lightning rod     |       |       |       |       |       |       |       |     4 |     4 ||     8
         Tin of tremorston |       |       |       |       |       |       |       |     2 |     5 ||     7
    Use: Scroll            |       |     5 |     9 |     6 |    13 |    10 |     9 |    16 |    15 ||    83
         Potion            |       |       |     5 |    18 |     5 |     3 |     3 |    18 |    13 ||    65
   Stab: Distracted        |       |       |     1 |     1 |    12 |    13 |    10 |     6 |    18 ||    61
         Invisible         |       |       |       |       |       |     3 |       |       |       ||     3
         Petrified         |       |       |       |       |       |       |       |     6 |       ||     6
         Confused          |       |       |       |       |       |       |       |       |     1 ||     1
 Armour: Scale mail        |    84 |    56 |       |       |       |       |       |       |       ||   140
         Chain mail        |       |    62 |   140 |   354 |    31 |       |       |       |       ||   587
         Plate armour      |       |       |       |       |   524 |   747 |   653 |   490 |   377 ||  2791
         Gold dragon scale |       |       |       |       |       |       |       |       |   389 ||   389
  Dodge: Dodged            |    47 |    74 |   148 |   439 |   493 |   532 |   300 |   166 |   371 ||  2570
         Repelled          |       |       |       |       |       |       |       |       |    11 ||    11
  Block: Buckler           |    18 |    31 |    62 |   110 |       |       |       |       |       ||   221
         Kite shield       |       |       |       |    70 |   865 |  1180 |  1033 |   706 |  1430 ||  5284
         Reflection        |       |       |       |       |    21 |    13 |    50 |    52 |    22 ||   158

Table legend: (Time is in decaauts)
 A = Elapsed time spent in this place.
 B = Non-inter-level travel time spent in this place.
 C = Inter-level travel time spent in this place.
 D = Time resting spent in this place.
 E = Time spent auto-exploring this place.
 F = Levels seen in this place.
 G = Mean time per level.
                   A        B        C        D        E       F      G
               +--------+--------+--------+--------+--------+-----+--------+
         Total |  62586 |  60290 |   2296 |   3694 |  24432 |  56 | 1117.6 |
       Dungeon |  15674 |  14611 |   1063 |    378 |   8239 |  15 | 1044.9 |
          Lair |   7307 |   7052 |    255 |    205 |   3456 |   5 | 1461.4 |
         Swamp |   2963 |   2963 |      0 |    214 |    977 |   4 |  740.8 |
   Spider Nest |   4435 |   4290 |    145 |     16 |   2506 |   4 | 1108.8 |
  Orcish Mines |   3557 |   3230 |    327 |    882 |    447 |   2 | 1778.5 |
   Elven Halls |   4174 |   4118 |     56 |    198 |   1084 |   3 | 1391.3 |
        Vaults |   7112 |   6757 |    355 |     85 |   2385 |   5 | 1422.4 |
         Crypt |   3296 |   3228 |     68 |    100 |    790 |   3 | 1098.7 |
          Tomb |   1010 |   1010 |      0 |    265 |      0 |   1 | 1010.0 |
        Depths |   5559 |   5536 |     23 |    628 |   1253 |   4 | 1389.8 |
           Zot |   5464 |   5464 |      0 |    419 |   3293 |   5 | 1092.8 |
         Abyss |    203 |    203 |      0 |      0 |      0 |   3 |   67.7 |
        Wizlab |   1159 |   1159 |      0 |    265 |      0 |   1 | 1159.0 |
    Desolation |    667 |    667 |      0 |     38 |      0 |   1 |  667.0 |
               +--------+--------+--------+--------+--------+-----+--------+

Top non-repeatable levels by time:
   Orc:2: 2549 daAuts
Vaults:5: 1861 daAuts
Depths:2: 1822 daAuts
 Crypt:3: 1772 daAuts
  Lair:4: 1761 daAuts
   Zot:3: 1678 daAuts
Vaults:2: 1647 daAuts
Depths:3: 1567 daAuts
  Lair:2: 1535 daAuts
   Elf:1: 1524 daAuts
    D:14: 1499 daAuts
     D:9: 1483 daAuts
  Lair:3: 1477 daAuts
   Elf:3: 1465 daAuts
Spider:2: 1436 daAuts
